 Dungeon Crawl Stone Soup version 0.31-a0-620-gd1cbd99268 (console) character file.

Game seed: 584738259472555917

127 Ignak the Gusty (level 5, -3/36 (37) HPs)
             Began as a Gnoll Air Elementalist on Aug 23, 2023.
             Slain by Crazy Yiuf
             ... wielding a +4 quarterstaff of chaos
              (7 damage)
             ... on level 2 of the Dungeon.
             The game lasted 00:03:34 (1762 turns).

Ignak the Gusty (Gnoll Air Elementalist)            Turns: 1762, Time: 00:03:37

HP:   -3/36 (37)    AC:  4    Str:  8    XL:     5   Next: 11%
MP:   12/12         EV: 13    Int: 16    God:
Gold: 116           SH:  0    Dex: 12    Spells: 10/14 levels left

rFire   . . .        h - +2 dagger (venom)
rCold   . . .        (no shield)
rNeg    . . .        a - +0 robe
rPois   .            d - +0 helmet
rElec   .            i - +0 cloak
rCorr   .            (no gloves)
SInv    .            (no boots)
Will    .....        l - amulet of magic regeneration
Stlth   +++          (no ring)
HPRegen 0.26/turn    (no ring)
MPRegen 0.53/turn

%: no passive effects
@: lightly drained
A: fangs 1, strong nose, distributed training
a: no special abilities


You were on level 2 of the Dungeon.
You visited 1 branch of the dungeon, and saw 2 of its levels.

You collected 116 gold pieces.

Inventory:

Hand Weapons
 h - a +2 dagger of venom (weapon)
Missiles
 f - 6 javelins (quivered)
 k - 3 throwing nets
Armour
 a - a +0 robe (worn)
 d - a +0 helmet (worn)
 i - a +0 cloak (worn)
Jewellery
 l - an amulet of magic regeneration (around neck)
Scrolls
 c - a scroll of fog {unknown}
 e - a scroll of immolation {unknown}
 j - 2 scrolls of fear {unknown}
 m - 3 scrolls of identify {unknown}
 p - a scroll of enchant armour {unknown}
Potions
 b - a potion of magic
 g - a potion of mutation {unknown}
 n - a potion of heal wounds {unknown}
 o - a potion of enlightenment {unknown}


   Skills:
 + Level 1.4 Fighting
 + Level 1.4 Short Blades
 + Level 1.4 Long Blades
 + Level 1.4 Axes
 + Level 1.4 Maces & Flails
 + Level 1.4 Polearms
 + Level 1.4 Staves
 + Level 1.4 Ranged Weapons
 + Level 1.4 Throwing
 + Level 1.4 Armour
 + Level 4.7 Dodging
 + Level 4.3 Stealth
 + Level 1.4 Shields
 + Level 1.4 Unarmed Combat
 + Level 5.1 Spellcasting
 + Level 2.3 Conjurations
 + Level 1.1 Hexes
 + Level 1.1 Summonings
 + Level 1.1 Necromancy
 + Level 1.1 Translocations
 + Level 1.1 Transmutations
 + Level 1.1 Fire Magic
 + Level 1.1 Ice Magic
 + Level 5.5 Air Magic
 + Level 1.1 Earth Magic
 + Level 1.1 Poison Magic
 + Level 1.5 Invocations
 + Level 1.4 Evocations
 + Level 1.2 Shapeshifting


You had 10 spell levels left.
You knew the following spells:

 Your Spells              Type           Power      Damage    Failure   Level
a - Shock                 Conj/Air       64%        1d7       3%          1
b - Swiftness             Air            21%        N/A       4%          3

Your spell library contained the following spells:

 Spells                   Type           Power      Damage    Failure   Level
 Static Discharge         Conj/Air       32%        2-4/arc   4%          2
 Airstrike                Air            10%        2d(2-18)  16%         4


Dungeon Overview and Level Annotations

Branches:
Dungeon (2/15)

Altars:
Xom

Annotations:
D:2 Crazy Yiuf


Innate Abilities, Weirdness & Mutations

You have very sharp teeth.
Your uncanny sense of smell can sniff out nearby items.
Your experience applies equally to all skills.


Message History

You now have 80 gold pieces (gained 3).
m - 2 scrolls labelled WOOBBU CAAQ (gained 1)
You now have 96 gold pieces (gained 16).
You now have 102 gold pieces (gained 6).
You now have 116 gold pieces (gained 14).
m - 3 scrolls labelled WOOBBU CAAQ (gained 1)
You open the door.
There is an open door here.
There is an open door here.
There is an open door, spattered with blood here.
You see here a worm corpse.
Things that are here:
a +0 short sword; a kobold corpse You see here a frilled lizard corpse.
Found a runed translucent door.
Crazy Yiuf shouts!
You open the door.
You aren't carrying any items that you can evoke.
Unknown command.
Casting: Shock (safe; 3% risk of failure)
Confirm with . or Enter, or press ? or * to list all spells.
Okay, then.
Casting: Shock (safe; 3% risk of failure)
Confirm with . or Enter, or press ? or * to list all spells.
Aiming: Shock (safe; 3% risk of failure)
Press: ? - help, Shift-Dir - straight line, f - Crazy Yiuf
Aim: Crazy Yiuf, wielding a +4 quarterstaff of chaos and wearing a +1 cloak (75% to hit)
The zap hits Crazy Yiuf.
Crazy Yiuf is lightly wounded.
You hit Crazy Yiuf.
Crazy Yiuf is poisoned.
Crazy Yiuf is moderately wounded.
Crazy Yiuf hits you with a +4 quarterstaff of chaos!
You feel drained.
You hit Crazy Yiuf but do no damage.
Crazy Yiuf looks as sick as possible!
You bite Crazy Yiuf, but do no damage.
Crazy Yiuf is heavily wounded.
Crazy Yiuf hits you with a +4 quarterstaff of chaos!
* * * LOW HITPOINT WARNING * * *
Crazy Yiuf freezes you!
You die...

####.#.#.##...........#
# #.#.#...############
# #.#.##### # ..#.#
##### ### # ###.# #)..#
#.# #...# #.## ... #..#
#g# #..# #@##
#..######### ##.#
#........... #.##
#.....###### ##.#
#.....#### ##.##
#........### ##...#
#........... #....#
#........### ## ##..##
#.....#### .
###....###.....#


You could see Crazy Yiuf (extremely poisoned).

Vanquished Creatures
  4 gnolls (D:2)
  2 adders (D:2)
  4 worms (D:2)
  5 endoplasms
  7 goblins
  3 hobgoblins
  6 jackals
  5 quokkas
  6 ball pythons
  5 bats
  3 frilled lizards (D:2)
  3 kobolds
  8 rats (D:1)
61 creatures vanquished.

Notes
Turn   | Place    | Note
-------+----------+-------------------------------------------
     0 | D:1      | Ignak the Gnoll Air Elementalist began the quest for the
                  | Orb.
     0 | D:1      | Reached XP level 1. HP: 13/13 MP: 6/6
   120 | D:1      | Reached XP level 2. HP: 9/19 MP: 0/7
   628 | D:1      | Reached XP level 3. HP: 24/25 MP: 9/9
   639 | D:1      | Reached skill level 5 in Spellcasting
   644 | D:1      | Learned a level 3 spell: Swiftness
  1002 | D:2      | Reached skill level 1 in Invocations
  1007 | D:2      | Reached skill level 1 in Fighting
  1007 | D:2      | Reached skill level 1 in Short Blades
  1007 | D:2      | Reached skill level 1 in Long Blades
  1007 | D:2      | Reached skill level 1 in Axes
  1007 | D:2      | Reached skill level 1 in Maces & Flails
  1007 | D:2      | Reached skill level 1 in Polearms
  1007 | D:2      | Reached skill level 1 in Staves
  1007 | D:2      | Reached skill level 1 in Ranged Weapons
  1007 | D:2      | Reached skill level 1 in Throwing
  1007 | D:2      | Reached skill level 1 in Armour
  1007 | D:2      | Reached skill level 1 in Shields
  1007 | D:2      | Reached skill level 1 in Unarmed Combat
  1007 | D:2      | Reached skill level 1 in Evocations
  1010 | D:2      | Reached skill level 1 in Shapeshifting
  1010 | D:2      | Reached XP level 4. HP: 25/32 MP: 7/11
  1105 | D:2      | Found a shimmering altar of Xom.
  1206 | D:2      | Reached skill level 1 in Hexes
  1206 | D:2      | Reached skill level 1 in Summonings
  1206 | D:2      | Reached skill level 1 in Necromancy
  1206 | D:2      | Reached skill level 1 in Translocations
  1206 | D:2      | Reached skill level 1 in Transmutations
  1206 | D:2      | Reached skill level 1 in Fire Magic
  1206 | D:2      | Reached skill level 1 in Ice Magic
  1206 | D:2      | Reached skill level 1 in Earth Magic
  1206 | D:2      | Reached skill level 1 in Poison Magic
  1581 | D:2      | Reached XP level 5. HP: 33/37 MP: 12/12
  1755 | D:2      | Found a runed translucent door.
  1756 | D:2      | Noticed Crazy Yiuf
  1762 | D:2      | Slain by Crazy Yiuf

Illustrated notes

Levels and vault maps discovered:
D:1:      dpeg_arrival_ratfight, layout_basic
D:2:      minmay_thinvault, layout_loops_ring, basic_altar,
          pf_guarded_unrand_woodcutter, uniq_crazy_yiuf_cottage

Skill      XL: |  1  2  3  4 |
---------------+-------------+-----
Conjurations   | 2 |  2.3
Spellcasting   | 5 |  5.1
Invocations    | 1 |  1.5
Fighting       | 1 |  1.4
Short Blades   | 1 |  1.4
Long Blades    | 1 |  1.4
Axes           | 1 |  1.4
Maces & Flails | 1 |  1.4
Polearms       | 1 |  1.4
Staves         | 1 |  1.4
Ranged Weapons | 1 |  1.4
Throwing       | 1 |  1.4
Armour         | 1 |  1.4
Shields        | 1 |  1.4
Unarmed Combat | 1 |  1.4
Evocations     | 1 |  1.4
Shapeshifting  | 1 |  1.2
Hexes          | 1 |  1.1
Summonings     | 1 |  1.1
Necromancy     | 1 |  1.1
Translocations | 1 |  1.1
Transmutations | 1 |  1.1
Fire Magic     | 1 |  1.1
Ice Magic      | 1 |  1.1
Earth Magic    | 1 |  1.1
Poison Magic   | 1 |  1.1
Dodging        | |  4.7
Stealth        | |  4.3
Air Magic      | |  5.5

Action                     |  1- 3 |  4- 6 || total
---------------------------+-------+-------++-------
  Melee: Whip              |    16 |       ||    16
         Unarmed           |     4 |       ||     4
         Dagger            |    25 |    63 ||    88
         Punch             |     1 |       ||     1
         Bite              |     2 |     9 ||    11
  Throw: Javelin           |     5 |     1 ||     6
   Cast: Shock             |    31 |     8 ||    39
   Stab: Sleeping          |     4 |     5 ||     9
 Armour: Robe              |     9 |    17 ||    26
  Dodge: Dodged            |    43 |    42 ||    85

Table legend: (Time is in decaauts)
 A = Elapsed time spent in this place.
 B = Non-inter-level travel time spent in this place.
 C = Inter-level travel time spent in this place.
 D = Time resting spent in this place.
 E = Time spent auto-exploring this place.
 F = Levels seen in this place.
 G = Mean time per level.
                   A        B        C        D        E       F      G
               +--------+--------+--------+--------+--------+-----+--------+
         Total |   1760 |   1741 |     19 |    124 |   1069 |   2 |  880.0 |
       Dungeon |   1760 |   1741 |     19 |    124 |   1069 |   2 |  880.0 |
               +--------+--------+--------+--------+--------+-----+--------+

Top non-repeatable levels by time:
     D:1: 997 daAuts
     D:2: 763 daAuts
